 Dungeon Crawl Stone Soup version 0.30-a0-639-g3916f1956a (webtiles) character file.

Game seed: 12402207101858903308

1520 Mitcholas the Skirmisher (level 8, -1/48 HPs)
             Began as a Deep Elf Hunter on Jan 16, 2023.
             Slain by a gnoll sergeant
             ... wielding a +0 spear
              (12 damage)
             ... on level 6 of the Dungeon.
             The game lasted 00:16:06 (5862 turns).

Mitcholas the Skirmisher (Deep Elf Hunter)          Turns: 5862, Time: 00:16:06

Health: -1/48      AC:  5    Str:  8    XL:     8   Next: 54%
Magic:  28/28      EV: 15    Int: 15    God:
Gold:   298        SH:  0    Dex: 20    Spells: 7/7 levels left

rFire   + . .      SeeInvis .    a - +0 shortbow
rCold   + . .      Faith    .    (shield currently unavailable)
rNeg    . . .      Spirit   .    c - +0 leather armour
rPois   .          Reflect  .    w - +0 helmet
rElec   .          Harm     .    r - scarf {rC+ rF+}
rCorr   .          Rampage  .    (no gloves)
Will    .....                    E - +0 pair of boots
Stlth   +++                      (no amulet)
HPRegen 0.28/turn                i - ring of magical power
MPRegen 0.21/turn                x - ring of magical power

@: no status effects
A: no striking features
a: no special abilities


You were on level 6 of the Dungeon.
You visited 1 branch of the dungeon, and saw 6 of its levels.
You also visited: Sewer.

You collected 298 gold pieces.

Inventory:

Hand Weapons
 a - a +0 shortbow (weapon)
Missiles
 A - an atropa-tipped dart
Armour
 c - a +0 leather armour (worn)
 r - a scarf of resistance (worn)
 w - a +0 helmet (worn)
 E - a +0 pair of boots (worn)
Jewellery
 i - a ring of magical power (left hand)
 x - a ring of magical power (right hand)
Wands
 B - a wand of flame (22)
Scrolls
 b - 3 scrolls of immolation
 e - a scroll of enchant weapon {unknown}
 f - a scroll of silence {unknown}
 g - 6 scrolls of teleportation {unknown}
 h - a scroll of poison {unknown}
 l - a scroll of brand weapon {unknown}
 m - a scroll of acquirement {unknown}
 o - a scroll of blinking {unknown}
 p - 4 scrolls of identify {unknown}
 q - a scroll of fog {unknown}
 t - 2 scrolls of fear {unknown}
 v - a scroll of magic mapping {unknown}
 y - a scroll of torment {unknown}
 D - a scroll of noise {unknown}
Potions
 d - 3 potions of curing {unknown}
 j - a potion of lignification {unknown}
 k - a potion of resistance {unknown}
 n - 4 potions of mutation {unknown}
 s - 2 potions of brilliance {unknown}
 u - a potion of invisibility {unknown}
 z - 2 potions of might {unknown}
 C - a potion of degeneration {unknown}


   Skills:
 + Level 4.2 Fighting
 * Level 10.5 Ranged Weapons
 + Level 2.4 Armour
 + Level 6.2 Dodging
 - Level 4.0 Stealth


You had 7 spell levels left.
You didn't know any spells.
Your spell library contained the following spells:

 Spells                   Type           Power      Damage    Failure   Level
 Cigotuvi's Dreadful Rot  Necr/Pois/Air  0%         N/A       50%         2
 Poisonous Vapours        Pois/Air       0%         N/A       50%         2
 Inner Flame              Hex/Fire       0%         N/A       75%         3
 Mephitic Cloud           Conj/Pois/Air  0%         N/A       75%         3
 Flame Wave               Conj/Fire      0%         2d4       98%         4
 Sticky Flame             Conj/Fire      0%         2d3       98%         4


Dungeon Overview and Level Annotations

Branches:
Dungeon (6/15)              Sewer (visited)
 Temple: D:4-7

Altars:
Elyvilon
Yredelemnul


Message History

You are too injured to fight recklessly!
You are too injured to fight recklessly!
You are too injured to fight recklessly!
You are too injured to fight recklessly!
You are too injured to fight recklessly!
You are too injured to fight recklessly!
You are too injured to fight recklessly!
You are too injured to fight recklessly!
You are too injured to fight recklessly!
You are too injured to fight recklessly!
You are too injured to fight recklessly!
You are too injured to fight recklessly!
You are too injured to fight recklessly!
You are too injured to fight recklessly!
You are too injured to fight recklessly!
You are too injured to fight recklessly!
You are too injured to fight recklessly!
Throw: 2 darts (atropa)
Press: ? - help, Q - select action, (/) - cycle Shift-Dir - straight line, f/p - gnoll sergeant
Aim: a gnoll sergeant, wielding a +0 spear and wearing a +0 scale mail (heavily wounded, 71% to hit, chance to blind on hit: 67%)
You throw an atropa-tipped dart.
The atropa-tipped dart hits the gnoll sergeant.
The gnoll sergeant appears confused.
The gnoll sergeant is heavily wounded.
The gnoll sergeant seems less confused.
The gnoll sergeant barely misses you.
Fire: a) +0 shortbow
Press: ? - help, Q - select action, (/) - cycle Shift-Dir - straight line, f/p - gnoll sergeant
Aim: a gnoll sergeant, wielding a +0 spear and wearing a +0 scale mail (heavily wounded, blind, 75% to hit)
You shoot an arrow.
The arrow hits the gnoll sergeant but does no damage.
The gnoll sergeant is heavily wounded.
The gnoll sergeant hits you from afar with a +0 spear!
* * * LOW HITPOINT WARNING * * *
Fire: a) +0 shortbow
Press: ? - help, Q - select action, (/) - cycle Shift-Dir - straight line, f/p - gnoll sergeant
Aim: a gnoll sergeant, wielding a +0 spear and wearing a +0 scale mail (heavily wounded, blind, 75% to hit)
You shoot an arrow.
The arrow barely misses the gnoll sergeant.
The gnoll sergeant hits you from afar with a +0 spear!
You die...

.#.#
........#
#.# ##.#
.......#
#)# #.#
......+ #.#
#.# .....
#.# #.# ...
#.# #.# #.#
#.# #.# #.#
#.# #^#
#(#######.#
#.#
#.(.g.@)..#
#.#
###########
..# ###


You could see a gnoll sergeant (blind).

Vanquished Creatures
  A human (D:3)
  3 black bears
  A sky beast (D:6)
  3 phantoms
  A kobold brigand (Sewer)
  A scorpion (D:5)
  3 jellies
  A human zombie (D:3)
  An orc priest (D:6)
  3 hounds
  2 iguanas
  3 orc wizards (D:5)
  15 adders
  3 gnolls (D:6)
  3 river rats (Sewer)
  An ufetubus (D:5)
  2 worms (D:3)
  2 dart slugs (D:2)
  18 orcs
  10 ball pythons
  9 endoplasms
  A giant cockroach (D:1)
  5 goblins
  7 hobgoblins
  A jackal (Sewer)
  2 quokkas
  4 bats
  3 frilled lizards
  7 kobolds
  4 rats
120 creatures vanquished.

Vanquished Creatures (others)
  11 plants (Sewer)
11 creatures vanquished.

Grand Total: 131 creatures vanquished

Notes
Turn   | Place    | Note
-------+----------+-------------------------------------------
     0 | D:1      | Mitcholas the Deep Elf Hunter began the quest for the Orb.
     0 | D:1      | Reached XP level 1. HP: 12/12 MP: 3/3
   121 | D:1      | Reached XP level 2. HP: 16/17 MP: 4/4
   863 | D:2      | Reached XP level 3. HP: 21/21 MP: 5/5
   863 | D:2      | Found a faded altar of an unknown god.
   893 | D:2      | Reached skill level 6 in Ranged Weapons
  1665 | D:3      | Reached XP level 4. HP: 26/26 MP: 6/6
  1867 | D:3      | Found a glowing drain.
  1877 | Sewer    | Entered a sewer
  1947 | Sewer    | Reached XP level 5. HP: 30/30 MP: 7/7
  2110 | Sewer    | Reached skill level 7 in Ranged Weapons
  3015 | D:3      | Found a runed translucent door.
  3015 | D:3      | Noticed a human
  3019 | D:3      | Found a basalt altar of Yredelemnul.
  3060 | D:3      | Killed a human
  3061 | D:3      | Reached XP level 6. HP: 29/36 MP: 8/8
  3636 | D:4      | Reached skill level 8 in Ranged Weapons
  3693 | D:4      | Reached XP level 7. HP: 41/41 MP: 9/9
  3782 | D:4      | Found a white marble altar of Elyvilon.
  3906 | D:4      | Reached skill level 5 in Dodging
  4141 | D:5      | Entered Level 5 of the Dungeon
  4187 | D:5      | Reached skill level 9 in Ranged Weapons
  4187 | D:5      | Reached skill level 1 in Armour
  4601 | D:5      | Reached XP level 8. HP: 41/48 MP: 10/10
  5366 | D:6      | Reached skill level 10 in Ranged Weapons
  5862 | D:6      | Slain by a gnoll sergeant

Illustrated notes

Levels and vault maps discovered:
D:1:      amcnicky_arrival_flooded_fountain, layout_basic,
          hangedman_decor_slide_cut, reono_crystal_passage, minmay_quantized
D:2:      layout_loops_ring, ebering_ecumenical_altar_rust,
          nicolae_figureground_sparkle
D:3:      layout_basic, dk_yredelemnul_ordeal, cheibrodos_sewer_entry_bend
D:4:      layout_basic, elyvilon_altar_5, roderic_malta_cross
D:5:      layout_loops_ring, hangedman_decor_points
D:6:      layout_basic

Skill      XL: |  1  2  3  4  5  6  7  8 |
---------------+-------------------------+-----
Stealth        | 2 3 4 |  4.0
Ranged Weapons | 6 7 8 9 10 | 10.5
Dodging        | 3 4 5 6 |  6.2
Fighting       | 2 3 4 |  4.2
Armour         | 1 2 |  2.4

Action                   |  1- 3 |  4- 6 |  7- 9 || total
-------------------------+-------+-------+-------++-------
 Fire: Shortbow          |   103 |   145 |   234 ||   482
Throw: Dart              |       |       |     5 ||     5
Armor: Leather armour    |    14 |     7 |    25 ||    46
Dodge: Dodged            |    29 |    39 |    86 ||   154

Table legend: (Time is in decaauts)
 A = Elapsed time spent in this place.
 B = Non-inter-level travel time spent in this place.
 C = Inter-level travel time spent in this place.
 D = Time resting spent in this place.
 E = Time spent auto-exploring this place.
 F = Levels seen in this place.
 G = Mean time per level.
                   A        B        C        D        E       F      G
               +--------+--------+--------+--------+--------+-----+--------+
         Total |   6117 |   5833 |    284 |    508 |   4005 |   7 |  873.9 |
       Dungeon |   5048 |   4764 |    284 |    434 |   3340 |   6 |  841.3 |
         Sewer |   1069 |   1069 |      0 |     74 |    665 |   1 | 1069.0 |
               +--------+--------+--------+--------+--------+-----+--------+

Top non-repeatable levels by time:
     D:3: 1140 daAuts
   Sewer: 1069 daAuts
     D:5: 1015 daAuts
     D:1: 804 daAuts
     D:4: 721 daAuts
     D:6: 720 daAuts
     D:2: 648 daAuts
